AoeStats
← MilanesaDe_Pollo

Arena

507880678Analyzed
3v3 RM · 12d ago on Sep 20, 2026· 38m 58s· 6 players
Game mode
Random Map
Map size
Normal (6 player)
Population
200
Speed
Normal
Resources
Standard
Victory
Conquest
Starting age
Dark Age
Ending age
Imperial Age
RankedLock teamsTeams togetherTeam positionsShared explorationLock speedFull tech treeHidden civsTurbo modeCheats
Victory
Defeat
🇦🇷 Spanish · Argentina
960
+19
🇦🇷 Vietnamese · Argentina
959
+19
🇦🇷 Italians · Argentina
956
+19
🇺🇸 Wei · United States
1059
-21
🇨🇳 Chinese · China
1011
-18
🇨🇳 Huns · China
999
-18
sengfan
11:32 Feudal Age
12:20 Double-Bit Axe
12:28 Horse Collar
16:58 Castle Age
fechinoo
ytmq
0:29 Loom
11:39 Feudal Age
12:55 Horse Collar
13:02 Double-Bit Axe
17:02 Castle Age
16:52 Scale Mail Armor
17:52 Forging
17:57 Heavy Plow
18:32 Bow Saw
19:49 Wheelbarrow
19:13 Gold Mining
20:12 Stone Mining
24:58 Hand Cart
29:27 Gold Shaft Mining
29:36 Stone Shaft Mining
33:16 Imperial Age
30:35 Town Watch
31:27 Chain Mail Armor
33:05 Pikeman
34:18 Conscription
37:39 Bloodlines
37:20 Cavalier
dott1
11:47 Feudal Age
13:18 Loom
16:15 Castle Age
14:24 Double-Bit Axe
14:23 Horse Collar
20:45 Wheelbarrow
20:52 Town Watch
23:07 Bow Saw
23:28 Heavy Plow
25:41 Fletching
26:32 Elite Skirmisher
30:05 Imperial Age
28:23 Ballistics
30:13 Bodkin Arrow
30:18 Padded Archer Armor
30:29 Forging
31:22 Hand Cart
31:07 Town Patrol
31:40 Bracer
31:04 Imperial Skirmisher
32:46 Chemistry
33:17 Leather Archer Armor
33:37 Iron Casting
35:06 Stone Mining
35:08 Gold Mining
35:52 Ring Archer Armor
36:26 Two-Man Saw
35:59 Crop Rotation
36:19 Siege Engineers
38:44 Paper Money
santiagosservin
11:39 Feudal Age
16:00 Castle Age
14:38 Double-Bit Axe
14:34 Horse Collar
25:01 Wheelbarrow
24:37 Bow Saw
24:31 Heavy Plow
26:33 Hand Cart
30:18 Loom
33:20 Imperial Age
33:26 Imperial Age
30:42 Town Watch
32:03 Gold Mining
32:03 Stone Mining
32:03 Gold Mining
33:50 Fletching
34:00 Padded Archer Armor
38:04 Elite Genoese Crossbowman
38:57 Forging
38:53 Scale Barding Armor
38:25 Elite Skirmisher
39:10 Thumb Ring
39:48 Ballistics
40:28 Chemistry
39:11 Treadmill Crane
MilanesaDe_Pollo
12:13 Feudal Age
15:56 Castle Age
14:21 Double-Bit Axe
14:18 Horse Collar
15:52 Wheelbarrow
20:20 Loom
21:03 Heavy Plow
24:34 Bow Saw
32:18 Inquisition
35:21 Imperial Age
34:48 Hand Cart
34:19 Town Watch
36:22 Supremacy
Connection lost

Rejoining the realm…

Still unreachable

The connection could not be restored.

Session expired

The server has moved on; the page needs a fresh start.